 Dungeon Crawl Stone Soup version 0.28-a0-1493-g08698888e4 (webtiles) character file.

Game seed: 10699504102554355575

683 Shayle the Ducker (level 7, -1/51 HPs)
             Began as a Djinni Hedge Wizard on Jan 12, 2022.
             Was an Initiate of Ashenzari.
             Slain by a mummy (11 damage)
             ... in an ossuary on Jan 13, 2022.
             The game lasted 00:20:22 (5820 turns).

Shayle the Ducker (Djinni Hedge Wizard)             Turns: 5820, Time: 00:20:23

Health: -1/51      AC:  2    Str:  9    XL:     7   Next: 93%
Gold:   181        EV: 13    Int: 18    God:    Ashenzari [......] SH:  0 Dex: 12

rFire   + + .      SeeInvis .   l - +0 glaive
rCold   x . .      Faith    .   (shield currently unavailable)
rNeg    . . .      Spirit   .   b - +0 robe
rPois   ∞          Reflect  .   c - +0 hat
rElec   .          Harm     .   (no cloak)
rCorr   .          Rampage  .   (no gloves)
Will    .....                   (boots unavailable)
Stlth   ++........              (no amulet)
HPRegen 0.17/turn               (no ring)
MPRegen 0.00/turn               (no ring)

@: flying
A: sickness immunity, fire resistance 2, cold vulnerability 1, float, innate
caster, hp casting, extra vitality 1
a: Renounce Religion, Curse Item


You were in an ossuary.
You worshipped Ashenzari.
Ashenzari was noncommittal.
You visited 1 branch of the dungeon, and saw 4 of its levels.
You also visited: Ossuary.

You collected 181 gold pieces.

Inventory:

Hand Weapons
 a - a +0 dagger
 f - a +4 dagger
 l - a +0 glaive (weapon)
Missiles
 d - 15 poisoned darts
 e - 2 throwing nets
Armour
 b - a +0 robe (worn)
 c - a +0 hat (worn)
 g - a +0 pair of gloves
 n - a +0 helmet
Wands
 m - a wand of charming (1)
Scrolls
 j - 3 scrolls of enchant weapon {unknown}
 o - a scroll of teleportation
 p - a scroll of fear {unknown}
 q - 4 scrolls of identify
 r - a scroll of enchant armour {unknown}
 t - a scroll of fog {unknown}
 u - a scroll of amnesia {unknown}
Potions
 h - 4 potions of curing
 i - 2 potions of degeneration
 k - 2 potions of heal wounds {unknown}
 s - a potion of brilliance {unknown}
 v - a potion of attraction {unknown}
 w - a potion of haste {unknown}


   Skills:
 + Level 3.7 Fighting
 + Level 4.8 Dodging
 + Level 4.0 Stealth
 + Level 3.9 Spellcasting


You couldn't memorise any spells.
You knew the following spells:

 Your Spells              Type           Power      Damage    Failure   Level
a - Magic Dart            Conj           68%        1d6       3%          1
b - Blink                 Tloc           34%        N/A       4%          2
c - Call Imp              Summ           17%        N/A       4%          2
d - Slow                  Hex            68%        N/A       3%          1
e - Conjure Flame         Conj/Fire      17%        6-21      9%          3
f - Mephitic Cloud        Conj/Pois/Air  17%        N/A       9%          3
g - Sting                 Tmut/Pois      68%        1d6       3%          1
h - Corpse Rot            Necr/Air       34%        N/A       4%          2
i - Swiftness             Air            17%        N/A       9%          3
Your spell library was empty.

Dungeon Overview and Level Annotations

Branches:
Dungeon (4/15)            Ossuary (1/1)
 Temple: D:4-7

Altars:
Ashenzari


Innate Abilities, Weirdness & Mutations

You are immune to sickness and miasma.
You are immune to poison.
Your flesh is very heat resistant. (rF++)
You are vulnerable to cold. (rC-)
You float through the air rather than walking.
You learn spells naturally, not from books.
Your magical power is your life essence.
You have superior vitality. (+4 MHP)


Message History

s - a cyan potion
h - 2 potions of curing (gained 1)
t - a scroll labelled MOGGADGHA JYLOT
i - 2 potions of degeneration (gained 1)
u - a scroll labelled UMPIEW TILI
v - a black potion
k - 2 brown potions (gained 1)
You now have 153 gold pieces (gained 16).
You now have 168 gold pieces (gained 15).
h - 3 potions of curing (gained 1)
You now have 181 gold pieces (gained 13).
h - 4 potions of curing (gained 1)
w - a grey potion Reach: l) +0 glaive
Press: ? - help, Dir - move target, f - mummy
Aim: a mummy (about 33% to evade your +0 glaive)
You hit the mummy.
The mummy is lightly damaged.
The mummy closely misses you.
Unknown command.
You slash the mummy!
The mummy is heavily damaged.
The mummy hits you.
You hit the mummy but do no damage.
The mummy is heavily damaged.
The mummy hits you!
You barely miss the mummy.
The mummy is heavily damaged.
The mummy completely misses you.
You hit the mummy but do no damage.
The mummy is heavily damaged.
The mummy hits you.
You hit the mummy.
The mummy is severely damaged.
The mummy hits you!
* * * LOW HITPOINT WARNING * * *
You completely miss the mummy.
The mummy is severely damaged.
The mummy hits you!
You die...

.####......#......####.'..#
##...................###..#
.+...................#.#..#
.#...................#.#..#
.#...................+.'..#
#######....∩....########..#
.#...................#.#..#
.#...................'.#..#
.'....'.........@M...#.'..#
##...................###..#
.####......#......####.#..#
.#.........#.........'.#..#
.#....#....#....#....#.'..#
##....#....#....#....###..#
.'....#....#....#....#.#..#
.#########'##'########.#..#
...#...#...#...#...#...#..#


You could see a mummy.

Vanquished Creatures
  Sigmund (D:3)
  A scorpion (D:2)
  A human zombie (Ossuary)
  An orc priest (D:3)
  Ijyb (D:4)
  2 orc wizards (D:4)
  2 mummies (Ossuary)
  3 gnolls (D:3)
  5 adders
  5 adder zombies (Ossuary)
  A dart slug (D:1)
  5 orcs
  7 endoplasms
  2 giant cockroaches (D:2)
  A gnoll zombie (Ossuary)
  3 goblins
  8 hobgoblins
  3 quokkas
  6 ball pythons
  2 bats (D:3)
  5 frilled lizards
  4 goblin zombies (Ossuary)
  5 hobgoblin zombies (Ossuary)
  7 kobolds
  4 kobold zombies (Ossuary)
  2 quokka zombies (Ossuary)
  2 rats (D:1)
  3 rat zombies (Ossuary)
92 creatures vanquished.

Vanquished Creatures (collateral kills)
  2 centaur zombies (Ossuary)
  An ogre zombie (Ossuary)
  3 mummies (Ossuary)
  An adder (D:2)
  2 gnolls (D:3)
  A worm (D:2)
  A giant cockroach (D:1)
  A hobgoblin (D:1)
  A quokka (D:1)
13 creatures vanquished.

Vanquished Creatures (others)
  A mummy (Ossuary)
1 creature vanquished.

Grand Total: 106 creatures vanquished

Notes
Turn   | Place    | Note
-------+----------+-------------------------------------------
     0 | D:1      | Shayle the Djinni Hedge Wizard began the quest for the Orb.
     0 | D:1      | Reached XP level 1. HP: 15/15 MP: 0/0
   250 | D:1      | Reached XP level 2. HP: 14/22 MP: 0/0
  1038 | D:1      | Reached XP level 3. HP: 21/26 MP: 0/0
  1038 | D:1      | Learned a level 1 spell: Sting
  1234 | D:1      | Reached skill level 1 in Fighting
  1651 | D:2      | HP: 1/27 [something (9)]
  2004 | D:2      | Reached XP level 4. HP: 23/32 MP: 0/0
  2107 | D:2      | Noticed a scorpion
  2262 | D:2      | Killed a scorpion
  2263 | D:2      | Reached XP level 5. HP: 16/38 MP: 0/0
  2263 | D:2      | Learned a level 2 spell: Corpse Rot
  3048 | D:3      | Noticed Sigmund
  3078 | D:3      | Killed Sigmund
  3079 | D:3      | Reached XP level 6. HP: 19/45 MP: 0/0
  3566 | D:3      | Reached XP level 7. HP: 42/50 MP: 0/0
  3566 | D:3      | Learned a level 3 spell: Swiftness
  3624 | D:3      | Found a broken altar of Ashenzari.
  3632 | D:3      | Became a worshipper of Ashenzari the Shackled
  3634 | D:3      | Found a faded altar of an unknown god.
  4082 | D:4      | Noticed Ijyb
  4094 | D:4      | Killed Ijyb
  4143 | D:4      | Found a sand-covered staircase.
  4153 | Ossuary  | Entered an ossuary
  5494 | Ossuary  | HP: 2/51 [ogre zombie (11)]
  5820 | Ossuary  | Slain by a mummy

Illustrated notes

Levels and vault maps discovered:
D:1:      onia_arrival_mini_maze, layout_basic
D:2:      layout_rooms, serial_corexii_hall, chequers_hall_statues_corner_a,
          chequers_hall_statues_y
D:3:      layout_rooms, cheibrodos_ashenzari_chains,
          mainiacjoe_overflow_alcove_3, chequers_ecumenical_altar_simple_redux,
          uniq_sigmund
D:4:      layout_loops_corners, nicolae_overflow_crystal_walls,
          lightli_ossuary_entry_decrepit_ruins, kennysheep_small_square,
          uniq_ijyb
Ossuary:  ossuary_boxes_badplayer

Skill      XL: |  1  2  3  4  5  6  7 |
---------------+----------------------+-----
Stealth        | 2 3 4 |  4.0
Fighting       | 1 2 3 |  3.7
Dodging        | 3 4 |  4.8
Spellcasting   | 3 |  3.9

Action                   |  1- 3 |  4- 6 |  7- 9 || total
-------------------------+-------+-------+-------++-------
Melee: Dagger            |    27 |    47 |    34 ||   108
       Punch             |     1 |     1 |       ||     2
       Glaive            |       |       |   102 ||   102
 Cast: Magic Dart        |    48 |    17 |     1 ||    66
       Call Imp          |     6 |     7 |     6 ||    19
       Mephitic Cloud    |     3 |    12 |     6 ||    21
       Sting             |       |    17 |     1 ||    18
       Slow              |       |     1 |       ||     1
       Corpse Rot        |       |     1 |       ||     1
Evoke: Wand              |       |       |     7 ||     7
  Use: Potion            |     1 |       |     2 ||     3
       Scroll            |       |     2 |     2 ||     4
 Stab: Sleeping          |     1 |     2 |    11 ||    14
       Confused          |       |     1 |     5 ||     6
Armor: Robe              |     5 |     1 |    23 ||    29
Dodge: Dodged            |    21 |    23 |    88 ||   132

Table legend: (Time is in decaauts)
 A = Elapsed time spent in this place.
 B = Non-inter-level travel time spent in this place.
 C = Inter-level travel time spent in this place.
 D = Time resting spent in this place.
 E = Time spent auto-exploring this place.
 F = Levels seen in this place.
 G = Mean time per level.
                   A        B        C        D        E       F      G
               +--------+--------+--------+--------+--------+-----+--------+
         Total |   5888 |   5815 |     73 |   2731 |   1673 |   5 | 1177.6 |
       Dungeon |   4158 |   4085 |     73 |   1679 |   1673 |   4 | 1039.5 |
       Ossuary |   1730 |   1730 |      0 |   1052 |      0 |   1 | 1730.0 |
               +--------+--------+--------+--------+--------+-----+--------+

Top non-repeatable levels by time:
 Ossuary: 1730 daAuts
     D:1: 1613 daAuts
     D:2: 1278 daAuts
     D:3: 920 daAuts
     D:4: 345 daAuts
